 Dungeon Crawl Stone Soup version 0.26-a0-712-ga5a9c9c9d0 (webtiles) character file.

Game seed: 13765176945522841868

9951 grindst0ne the Zephyrmancer (level 11, -1/60 HPs)
             Began as a Tengu Air Elementalist on Nov 5, 2020.
             Was a High Priest of Vehumet.
             Slain by a komodo dragon (29 damage)
             ... on level 1 of the Lair of Beasts on Nov 6, 2020.
             The game lasted 00:36:01 (14124 turns).

grindst0ne the Zephyrmancer (TeAE)                 Turns: 14124, Time: 00:36:01

Health: -1/60      AC: 12    Str: 14    XL:     11   Next: 54%
Magic:  6/19       EV: 23    Int: 18    God:    Vehumet [*****.]
Gold:   499        SH:  0    Dex: 16    Spells: 4/20 levels left

rFire    + . .     SeeInvis .   x - +4 dagger (speed)
rCold    . . .     Faith    .   (no shield)
rNeg     + . .     Spirit   .   h - +4 leather armour of Negation {+Blink}
rPois    +         Reflect  .   k - +1 hat
rElec    .         Harm     .   s - +0 cloak
rCorr    .         Rampage  .   n - +0 pair of gloves
MR       .....                  (boots unavailable)
Stlth    ++........             (no amulet)
HPRegen  0.20/turn              e - +6 ring of strength
MPRegen  0.16/turn              o - ring of positive energy

@: about to teleport, flying quickly and evasively, quick
A: beak, talons 3, icy blue scales 1, fire resistance 1, poison resistance, able
to fly
a: Stop Flying, Renounce Religion, Evoke Blink


You were on level 1 of the Lair of Beasts.
You worshipped Vehumet.
Vehumet was extremely pleased with you.
You visited 2 branches of the dungeon, and saw 11 of its levels.
You also visited: Sewer.

You collected 694 gold pieces.
You spent 195 gold pieces at shops.

Inventory:

Hand Weapons
 i - a +2 dagger of flaming
 x - a +4 dagger of speed (weapon)
 K - a +0 dagger of holy wrath
Missiles
 p - 21 boomerangs
 D - 4 throwing nets (quivered)
Armour
 h - the +4 leather armour of Negation (worn) {+Blink}
   (You found it on level 8 of the Dungeon)

   It lets you blink.
 k - a +1 hat (worn)
 n - a +0 pair of gloves (worn)
 s - a +0 cloak (worn)
 J - the +1 buckler of Spite {+Inv rElec rC- rN++}
   (You found it on level 8 of the Dungeon)

   It makes you vulnerable to cold.
   It insulates you from electricity.
   It greatly protects you from negative energy.
   It lets you turn invisible.
Jewellery
 e - a +6 ring of strength (left hand)
 o - a ring of positive energy (right hand)
 r - a +6 ring of strength
 I - an uncursed ring of ice
 N - a +6 ring of dexterity
Wands
 u - a wand of polymorph (12)
 E - a wand of iceblast (4)
 M - a wand of digging (6)
Scrolls
 a - a scroll of amnesia
 c - 4 scrolls of magic mapping
 f - 5 scrolls of remove curse
 l - a scroll of teleportation
 t - 3 scrolls of blinking
 y - a scroll of enchant weapon {unknown}
 z - 2 scrolls of enchant armour
 A - 2 scrolls of immolation
 B - a scroll of brand weapon
 F - 3 scrolls of fear {unknown}
 G - a scroll of vulnerability {unknown}
 H - a scroll of fog
 L - a scroll of identify
Potions
 b - 6 potions of curing
 d - 3 potions of cancellation
 g - 2 potions of invisibility
 j - 3 potions of heal wounds
 m - 2 potions of haste
 q - 4 potions of might {unknown}
 v - 3 potions of stabbing
 w - a potion of lignification
 C - a potion of berserk rage


   Skills:
 + Level 3.7 Fighting
 - Level 3.0 Armour
 + Level 10.9 Dodging
 - Level 2.0 Stealth
 - Level 4.0 Shields
 + Level 5.1 Spellcasting
 - Level 5.0 Conjurations
 + Level 3.0 Translocations
 + Level 13.7 Air Magic
 + Level 3.2 Evocations


You had 4 spell levels left.
You knew the following spells:

 Your Spells              Type           Power        Failure   Level
a - Shock                 Conj/Air       ####         1%          1
b - Static Discharge      Conj/Air       #####...     1%          3
c - Airstrike             Air            ######....   1%          4
d - Foxfire               Conj/Fire      ##..         1%          1
e - Lightning Bolt        Conj/Air       #####.....   2%          5
f - Blink                 Tloc           N/A          7%          2

Your spell library contained the following spells:

 Spells                   Type           Power        Failure   Level
 Conjure Ball Lightning   Conj/Air       #####.....   14%         6
 Magic Dart               Conj           ###.         1%          1
 Swiftness                Air            ######..     1%          2
 Mephitic Cloud           Conj/Pois/Air  ####....     1%          3
 Conjure Flame            Conj/Fire      ##......     4%          3
 Dazzling Flash           Conj/Hex       ##....       4%          3
 Beastly Appendage        Tmut           #.....       16%         1
 Corona                   Hex            #......      16%         1
 Call Imp                 Summ           #.......     24%         2
 Ensorcelled Hibernation  Hex/Ice        #.....       24%         2
 Slow                     Hex            #.......     24%         2
 Wereblood                Tmut           #.......     24%         2
 Confusing Touch          Hex            #.......     43%         3
 Spider Form              Tmut/Pois      #.........   43%         3
 Tukima's Dance           Hex            #.......     43%         3
 Ice Form                 Ice/Tmut       #.......     85%         4
 Iskenderun's Battlesphe  Conj           ###.....     16%         5
 Irradiate                Conj/Tmut      ##........   36%         5
 Bolt of Magma            Conj/Fire/Erth ##........   47%         5
 Iron Shot                Conj/Erth      ##........   88%         6
 Orb of Destruction       Conj           ###.......   98%         7
 Blade Hands              Tmut           #.........   99%         5
 Summon Demon             Summ           #.........   99%         5
 Hydra Form               Tmut           #.........   100%        6
 Shadow Creatures         Summ           N/A          100%        6
 Statue Form              Tmut/Erth      #........    100%        6
 Dragon Form              Tmut           #.........   100%        7
 Spellforged Servitor     Conj/Summ      ##........   100%        7
 Dragon's Call            Summ           #.........   100%        9


Dungeon Overview and Level Annotations

Branches:
Dungeon (10/15)            Temple (0/1) D:5            Lair (1/6) D:9
  Sewer (visited)
    Orc: D:9-12

Altars:
Cheibriados
Fedhas
Gozag
Hepliaklqana
Kikubaaqudgha
Makhleb
Qazlal
Ru
Vehumet
The Shining One

Shops:
D:4 ?

Portals:
Trove: D:10 (show slimy rune of Zot)


Innate Abilities, Weirdness & Mutations

You have a beak for a mouth.
You have claws for feet.
You can fly continuously.
You are partially covered in icy blue scales. (AC +2)
Your flesh is heat resistant. (rF+)
Your system is resistant to poisons. (rPois)


Message History

As you read the scroll of teleportation, it crumbles to dust.
You feel strangely unstable. The wyvern misses you.
The water moccasin barely misses you. The wyvern completely misses you.
Your surroundings suddenly seem different.
A komodo dragon comes into view.
The komodo dragon hisses angrily.
You hear a croak.
Found 18 stones, 20 gold pieces and a rapier.
Found a stone staircase leading down. 2 wolves and 2 blink frogs come into view.
As you read the scroll of teleportation, it crumbles to dust.
You feel strangely unstable.
A blink frog comes into view.
The blink frog moves out of view.
The blink frog croaks.
The wolf howls!
A wolf comes into view.
A blink frog comes into view.
The blink frog blinks! x2
A wolf comes into view.
A blink frog comes into view.
The blink frog blinks!
The komodo dragon bites you!!
You die... ........# FF.......

$....>...# #
...§F..§.# .#
........F# ..##
..§......##....$
........l.......
........@#
.(.......#
≈≈.......#
≈≈≈......P#
≈≈≈≈##$..## ≈≈≈
##.h# ≈≈ #...
#.hh. #....


You could see a komodo dragon, 4 blink frogs and 3 wolves.

Vanquished Creatures
  Harold (D:10)
  A hydra (Lair:1)
  A two-headed ogre (D:9)
  Pikel (D:5)
  A manticore (D:8)
  A cyclops (D:8)
  A gargoyle (D:10)
  A hornet (D:8)
  A troll (D:9)
  Prince Ribbit (D:5)
  3 yaks (D:10)
  A basilisk (D:8)
  Edmund (D:6)
  Duvessa (D:5)
  2 water moccasins
  2 orc warriors (D:9)
  2 black bears
  2 sky beasts
  An ice beast (D:7)
  A phantom (D:9)
  2 ogres
  4 centaurs
  2 big kobolds
  7 bullfrogs
  A gnoll sergeant (D:8)
  Dowan (D:5)
  2 scorpions
  A wyvern skeleton (D:8)
  11 killer bees
  3 wights
  3 howler monkeys (D:10)
  A quasit (D:9)
  8 hounds
  A jelly (D:9)
  A centaur skeleton (D:10)
  5 orc priests
  Crazy Yiuf (D:2)
  Jessica (D:2)
  2 bullfrog skeletons
  10 orc wizards
  Terence (D:2)
  5 iguanas
  13 worker ants
  A hound skeleton (D:8)
  A mummy (D:6)
  A worker ant zombie (D:8)
  18 gnolls
  2 river rats (Sewer)
  19 adders
  4 shadow imps
  2 white imps
  4 ufetubi
  4 oozes
  2 adder skeletons
  An adder zombie (D:7)
  A worm (D:3)
  3 dart slugs
  8 leopard geckos
  28 orcs
  9 bats
  5 giant cockroaches
  10 goblins
  10 hobgoblins
  13 jackals
  4 quokkas
  A ball python (D:5)
  4 frilled lizards
  A jackal skeleton (D:5)
  17 kobolds
  A leopard gecko skeleton (D:6)
  4 rats
  A toadstool (D:2)
291 creatures vanquished.

Vanquished Creatures (others)
  11 foxfires
  A fungus (Lair:1)
  8 plants (D:8)
  4 toadstools (D:2)
  6 withered plants (D:7)
30 creatures vanquished.

Grand Total: 321 creatures vanquished

Notes
Turn   | Place    | Note
-------+----------+-------------------------------------------
     0 | D:1      | grindst0ne the Tengu Air Elementalist began the quest for
                  | the Orb.
     0 | D:1      | Reached XP level 1. HP: 10/10 MP: 4/4
   791 | D:2      | Reached XP level 2. HP: 15/15 MP: 3/6
  1115 | D:2      | Noticed Terence
  1138 | D:2      | Killed Terence
  1138 | D:2      | Reached skill level 5 in Air Magic
  1138 | D:2      | Reached XP level 3. HP: 8/19 MP: 1/7
  1385 | D:2      | Learned a level 3 spell: Static Discharge
  1444 | D:2      | Found a radiant altar of Vehumet.
  1451 | D:2      | Noticed Jessica
  1453 | D:2      | Became a worshipper of Vehumet
  1474 | D:2      | Killed Jessica
  1474 | D:2      | Reached XP level 4. HP: 24/24 MP: 1/8
  1889 | D:2      | Found a glowing golden altar of the Shining One.
  2055 | D:2      | Reached * piety under Vehumet
  2055 | D:2      | Offered knowledge of Sandblast by Vehumet.
  2247 | D:2      | Found a runed translucent door.
  2248 | D:2      | Noticed Crazy Yiuf
  2254 | D:2      | Killed Crazy Yiuf
  2254 | D:2      | Reached skill level 6 in Air Magic
  2254 | D:2      | Gained mutation: You can fly continuously. [Tengu growth]
  2254 | D:2      | Reached XP level 5. HP: 28/28 MP: 5/9
  2617 | D:3      | Learned a level 4 spell: Airstrike
  2737 | D:3      | Found a stormy altar of Qazlal.
  2882 | D:3      | Reached skill level 5 in Conjurations
  3009 | D:3      | Found an opulent altar of Gozag.
  3153 | D:3      | Reached XP level 6. HP: 32/32 MP: 1/10
  3386 | D:3      | Offered knowledge of Foxfire by Vehumet.
  3392 | D:3      | Reached ** piety under Vehumet
  3460 | D:3      | Learned a level 1 spell: Foxfire
  3710 | D:4      | Got a steaming robe
  3721 | D:4      | Identified the +3 robe "Mogest" {Harm rN+ Dex+4} (You found
                  | it on level 4 of the Dungeon)
  3736 | D:4      | Found Vaakhlyty's Magic Scroll Shop.
  3744 | D:4      | Bought a scroll of identify for 20 gold pieces
  3744 | D:4      | Bought a scroll of enchant armour for 75 gold pieces
  3744 | D:4      | Bought a scroll of teleportation for 30 gold pieces
  3744 | D:4      | Bought a scroll of identify for 20 gold pieces
  3744 | D:4      | Bought a scroll of remove curse for 30 gold pieces
  3744 | D:4      | Bought a scroll of identify for 20 gold pieces
  3787 | D:4      | Reached skill level 7 in Air Magic
  3980 | D:4      | Reached XP level 7. HP: 23/36 MP: 1/11
  4173 | D:4      | Found a glowing drain.
  4177 | Sewer    | Entered a sewer
  4340 | Sewer    | Reached skill level 8 in Air Magic
  4418 | Sewer    | Found a white marble altar of Elyvilon.
  4480 | D:4      | Offered knowledge of Mephitic Cloud by Vehumet.
  4646 | D:4      | Reached skill level 5 in Dodging
  4859 | D:5      | Entered Level 5 of the Dungeon
  4859 | D:5      | Noticed Pikel
  4863 | D:5      | Killed Pikel
  4863 | D:5      | Reached skill level 9 in Air Magic
  4863 | D:5      | Reached XP level 8. HP: 41/41 MP: 11/13
  4871 | D:5      | Reached *** piety under Vehumet
  4886 | D:5      | Reached skill level 10 in Air Magic
  5517 | D:5      | Found a staircase to the Ecumenical Temple.
  5738 | D:5      | Noticed Prince Ribbit
  5763 | D:5      | Killed Prince Ribbit
  5763 | D:5      | Reached skill level 11 in Air Magic
  5763 | D:5      | Reached XP level 9. HP: 38/45 MP: 0/14
  6130 | D:5      | Noticed Duvessa
  6131 | D:5      | Noticed Dowan
  6138 | D:5      | Killed Duvessa
  6144 | D:5      | Killed Dowan
  6638 | D:5      | Found a sacrificial altar of Ru.
  6854 | D:6      | Noticed Edmund
  6865 | D:6      | Killed Edmund
  7044 | D:6      | Learned a level 5 spell: Lightning Bolt
  7206 | D:6      | Offered knowledge of Olgreb's Toxic Radiance by Vehumet.
  7536 | D:6      | Reached skill level 12 in Air Magic
  7796 | D:6      | Found a hazy altar of Hepliaklqana.
  8315 | D:6      | Found a snail-covered altar of Cheibriados.
  8561 | D:7      | Reached **** piety under Vehumet
  8670 | D:7      | Found an ancient bone altar of Kikubaaqudgha.
  8689 | D:7      | Reached XP level 10. HP: 46/50 MP: 3/16
  8832 | D:7      | Found a blossoming altar of Fedhas.
  9298 | D:7      | Reached skill level 10 in Dodging
  9408 | D:7      | Offered knowledge of Sticky Flame by Vehumet.
  9621 | D:7      | Found a burning altar of Makhleb.
  9632 | D:7      | Identified Gontih's Handbook of the Postmodern Queens
  9639 | D:7      | Learned a level 2 spell: Blink
 10170 | D:8      | Got a spiked buckler
 10179 | D:8      | Identified the +1 buckler of Spite {+Inv rElec rC- rN++}
                  | (You found it on level 8 of the Dungeon)
 10206 | D:8      | Reached skill level 1 in Fighting
 10206 | D:8      | Reached skill level 13 in Air Magic
 10213 | D:8      | Got a transparent leather armour
 10224 | D:8      | Identified the +4 leather armour of Negation {+Blink} (You
                  | found it on level 8 of the Dungeon)
 10240 | D:8      | Reached skill level 1 in Shields
 10370 | D:8      | Noticed a cyclops
 10387 | D:8      | Killed a cyclops
 10387 | D:8      | Reached skill level 1 in Translocations
 10401 | D:8      | Reached skill level 1 in Armour
 10522 | D:8      | Gained mutation: You are partially covered in icy blue
                  | scales. (AC +2) [potion of mutation]
 10522 | D:8      | Gained mutation: Your flesh is heat resistant. (rF+)
                  | [potion of mutation]
 10522 | D:8      | Gained mutation: Your system is resistant to poisons.
                  | (rPois) [potion of mutation]
 10911 | D:8      | Noticed a manticore
 10921 | D:8      | Killed a manticore
 10921 | D:8      | Reached skill level 1 in Evocations
 11168 | D:9      | Found a staircase to the Lair.
 11740 | D:9      | Noticed a two-headed ogre
 12080 | D:9      | Killed a two-headed ogre
 12080 | D:9      | Reached XP level 11. HP: 59/59 MP: 9/18
 12525 | D:10     | Entered Level 10 of the Dungeon
 13334 | D:10     | Reached ***** piety under Vehumet
 13396 | D:10     | Offered knowledge of Conjure Ball Lightning by Vehumet.
 13503 | D:10     | Found a portal to a secret trove of treasure.
 13543 | D:10     | Noticed Harold
 13964 | D:10     | Killed Harold
 14057 | Lair:1   | Entered Level 1 of the Lair of Beasts
 14094 | Lair:1   | Noticed a four-headed hydra
 14108 | Lair:1   | Killed a four-headed hydra
 14108 | Lair:1   | Reached skill level 5 in Spellcasting
 14124 | Lair:1   | Slain by a komodo dragon

Illustrated notes

Levels and vault maps discovered:
D:1:      saegor_arrival_simple_d, layout_loops_ring
D:2:      layout_rooms, vehumet_crystals, lemuel_coloured_pillars_altar,
          kennysheep_nondescript, minmay_misc_feat_enclosed,
          minmay_misc_feat_hallway, minmay_gold_behind_fungi, uniq_jessica,
          uniq_crazy_yiuf_cottage, uniq_terence
D:3:      minmay_chambers_of_threes, layout_loops_cross, lemuel_round_altar,
          nicolae_qazlal_eye_of_the_storm
D:4:      layout_loops_cross, gup_sewer_entry_bowl, serial_shops, shop_scrolls
D:5:      layout_layer_cave, nicolae_ru_the_path_less_chosen, temple_statues,
          uniq_prince_ribbit1, uniq_pikel, uniq_duvessa
D:6:      layout_basic, slow_altar_2, overflow_temple_1_default, uniq_edmund
D:7:      minmay_octagon_keep, layout_loops_ring, kiku_gazebo_garden_becter,
          nicolae_overflow_crystal_walls, basic_altar,
          ebering_dispersal_statue_hall, st_stairs_8, minmay_stone_trees_small,
          serial_park_tiny_1
D:8:      layout_basic, minmay_shattered_shrine
D:9:      layout_cross
D:10:     layout_roguey, enter_trove_1, uniq_harold
Lair:1:   wander_river, layout_small_grid, minivault_11, st_stairs_7,
          cheibrodos_lair_caveside_slide

Skill      XL: |  1  2  3  4  5  6  7  8  9 10 11 |
---------------+----------------------------------+-----
Conjurations   | 2 3 4 5 |  5.0
Air Magic      | 5 6 7 9 11 12 13 | 13.7
Dodging        | 3 6 7 9 10 | 10.9
Spellcasting   | 3 4 5 |  5.1
Fighting       | 2 3 |  3.7
Shields        | 3 4 |  4.0
Translocations | 2 3 |  3.0
Armour         | 2 3 |  3.0
Evocations     | 2 3 |  3.2
Stealth        | |  2.0

Action                   |  1- 3 |  4- 6 |  7- 9 | 10-12 || total
-------------------------+-------+-------+-------+-------++-------
Melee: Dagger            |    20 |    11 |       |    75 ||   106
       Kick              |     8 |     3 |     2 |    12 ||    25
       Peck              |     3 |     2 |     1 |    10 ||    16
       Unarmed           |     1 |       |       |       ||     1
       Quarterstaff      |       |     6 |    11 |    19 ||    36
Throw: Boomerang         |       |     3 |       |       ||     3
       Throwing net      |       |       |     4 |     1 ||     5
 Cast: Shock             |    45 |   161 |   189 |   193 ||   588
       Airstrike         |       |       |    11 |    36 ||    47
       Static Discharge  |       |       |    38 |    62 ||   100
       Foxfire           |       |       |     4 |     2 ||     6
       Lightning Bolt    |       |       |       |     2 ||     2
       Blink             |       |       |       |     1 ||     1
 Abil: Fly               |       |     1 |       |       ||     1
Evoke: Wand              |       |       |     8 |    21 ||    29
  Use: Scroll            |       |     9 |       |    11 ||    20
       Potion            |       |       |     1 |     2 ||     3
Armor: Robe              |    13 |    15 |    17 |     4 ||    49
       Leather armour    |       |       |       |    31 ||    31
       Skin              |       |       |       |    33 ||    33
Dodge: Dodged            |    34 |    45 |   103 |   225 ||   407

Table legend: (Time is in decaauts)
 A = Elapsed time spent in this place.
 B = Non-inter-level travel time spent in this place.
 C = Inter-level travel time spent in this place.
 D = Time resting spent in this place.
 E = Time spent auto-exploring this place.
 F = Levels seen in this place.
 G = Mean time per level.
                   A        B        C        D        E       F      G
               +--------+--------+--------+--------+--------+-----+--------+
         Total |  13560 |  13253 |    307 |   2008 |   8688 |  12 | 1130.0 |
       Dungeon |  13238 |  12932 |    306 |   1967 |   8512 |  10 | 1323.8 |
          Lair |     61 |     61 |      0 |      0 |     31 |   1 |   61.0 |
         Sewer |    260 |    260 |      0 |     41 |    144 |   1 |  260.0 |
               +--------+--------+--------+--------+--------+-----+--------+

Top non-repeatable levels by time:
     D:5: 1767 daAuts
     D:6: 1602 daAuts
     D:2: 1595 daAuts
     D:9: 1435 daAuts
    D:10: 1333 daAuts
     D:8: 1291 daAuts
     D:7: 1283 daAuts
     D:3: 1247 daAuts
     D:4: 894 daAuts
     D:1: 788 daAuts
   Sewer: 260 daAuts
  Lair:1: 61 daAuts
